 Dungeon Crawl Stone Soup version 0.31-a0-1321-g5021b54cb2 (console) character file.

Game seed: 5188784938298401271

195406 petzl the Blocker (level 19, -5/145 (146) HPs)
             Began as a Formicid Delver on Dec 20, 2023.
             Was the Champion of Vehumet.
             Killed from afar by a red draconian (26 damage)
             ... with a searing blast
             ... on level 4 of the Depths on Dec 21, 2023.
             The game lasted 04:17:45 (40569 turns).

petzl the Blocker (Formicid Delver)                Turns: 40569, Time: 04:17:45

HP:   -5/145 (146)  AC: 18    Str: 16    XL:     19   Next: 50%
MP:   0/36          EV: 12    Int: 25    God:    Vehumet [******]
Gold: 96            SH: 14    Dex: 15    Spells: 12/45 levels left

rFire   . . .        a - +7 arbalest (flame)
rCold   + . .        B - +1 kite shield {reflect}
rNeg    + + .        k - quicksilver dragon scales of Qyloup {Will+ Slay+2}
rPois   .            (helmet unavailable)
rElec   .            A - +0 cloak
rCorr   .            t - +0 pair of gloves of Good Intentions {Regen+}
SInv    +            e - +2 pair of boots {Stlth+}
Will    ++...        s - amulet of guardian spirit
Stlth   ++++         I - ring of Foyf {Ice *Slow rN++ Str-2 Int+8}
HPRegen 1.24/turn    J - ring of protection from fire
MPRegen 0.25/turn

%: slow self (1%), reflection, guardian spirit
@: studying Ice Magic, lightly drained
A: permanent stasis, dig shafts and tunnels, antennae 3, four strong arms
a: Dig, Shaft Self, Renounce Religion


You were on level 4 of the Depths.
You worshipped Vehumet.
Vehumet was exalted by your worship.
You visited 8 branches of the dungeon, and saw 33 of its levels.
You visited 1 bazaar.

You collected 2789 gold pieces.
You spent 2693 gold pieces at shops.

Inventory:

Hand Weapons
 a - a +7 arbalest of flaming (weapon)
 b - a +1 long sword of protection
 c - a +1 demon whip of venom
 u - a +4 scimitar of flaming
 X - a +2 scimitar of freezing
Missiles
 d - a curare-tipped dart
 r - a throwing net
 P - 6 silver javelins
Armour
 e - a +2 pair of boots of stealth (worn)
 h - the +5 ring mail "Jeatid" {Will+}
   (You bought it in a shop in a bazaar)

   Will+:     It increases your willpower.
 j - the +4 ring mail of the Orb Guardian {Fly rElec Dex-3 Stlth-}
   (You bought it in a shop in a bazaar)

   Dex-3:     It affects your dexterity (-3).
   rElec:     It insulates you from electricity.
   Fly:       It grants you flight.
   Stlth-:    It makes you less stealthy.
 k - the quicksilver dragon scales of Qyloup (worn) {Will+ Slay+2}
   (You bought it in a shop on level 2 of the Orcish Mines)

   Slay+2:    It affects your accuracy & damage with ranged weapons and melee
   (+2).
   Will+:     It increases your willpower.
 t - the +0 pair of gloves of Good Intentions (worn) {Regen+}
   (You found it on level 2 of the Dungeon)

   Regen+:    It increases your rate of health regeneration.
 A - a +0 cloak (worn)
 B - a +1 kite shield of reflection (worn)
 E - a +0 ring mail of poison resistance
Jewellery
 s - an amulet of guardian spirit (around neck)
 C - an amulet of magic regeneration
 I - the ring of Foyf (left hand) {Ice *Slow rN++ Str-2 Int+8}
   (You found it on level 9 of the Dungeon)

   [ring of ice]

   Ice:       It enhances your ice magic.
   Str-2:     It affects your strength (-2).
   Int+8:     It affects your intelligence (+8).
   rF-:       It makes you vulnerable to fire.
   rC+:       It protects you from cold.
   rN++:      It greatly protects you from negative energy.
   *Slow:     It may slow you when you take damage.
 J - a ring of protection from fire (right hand)
Wands
 l - a wand of iceblast (15)
 w - a wand of flame (58)
 y - a wand of quicksilver (4)
 z - a wand of polymorph (12)
Scrolls
 g - 8 scrolls of poison
 v - 4 scrolls of fog
 D - 8 scrolls of fear
 G - a scroll of summoning
 Q - a scroll of silence
 R - a scroll of revelation
 Z - 6 scrolls of identify
Potions
 i - 3 potions of heal wounds
 n - a potion of enlightenment
 p - 9 potions of curing
 q - 2 potions of lignification
 L - 3 potions of brilliance
Miscellaneous
 o - a lightning rod (3/4)
 T - a phantom mirror
 U - a condenser vane


   Skills:
 + Level 11.8 Fighting
 - Level 3.0 Maces & Flails
 + Level 7.1 Ranged Weapons
 - Level 9.0 Armour
 - Level 6.0 Dodging
 - Level 6.0 Stealth
 + Level 14.3 Shields
 + Level 13.7 Spellcasting
 * Level 13.0 Conjurations
 * Level 7.9 Necromancy
 - Level 5.0 Translocations
 - Level 12.0 Fire Magic
 - Level 8.0 Ice Magic
 - Level 8.0 Air Magic
 - Level 4.0 Earth Magic
 - Level 8.0 Alchemy
 - Level 3.0 Evocations


You had 12 spell levels left.
You knew the following spells:

 Your Spells              Type           Power      Damage    Failure   Level
a - Stone Arrow           Conj/Erth      100%       3d13      1%          3
b - Iskenderun's Mystic   Conj/Tloc      58%        2d12      1%          4
l - Freezing Cloud        Conj/Ice/Air   39%        6-21      1%          5
q - Plasma Beam           Fire/Air       30%        2x1d43    7%          6
s - Sticky Flame          Fire/Alch      61%        2d10      1%          4
u - Sublimation of Blood  Necr           54%        N/A       1%          2
A - Ozocubu's Armour      Ice            72%        N/A       1%          3
C - Conjure Ball Lightni  Conj/Air       31%        3x3d10    5%          6

Your spell library contained the following spells:

 Spells                   Type           Power      Damage    Failure   Level
 Ignition                 Fire           33%        3d10      71%         8
 Lehudib's Crystal Spear  Conj/Erth      28%        10d7      99%         8
 Fire Storm               Conj/Fire      34%        8d9       100%        9
 Apportation              Tloc           84%        N/A       1%          1
 Magic Dart               Conj           100%       1d8       1%          1
 Necrotise                Necr           100%       1d9       1%          1
 Sandblast                Erth           74%        2d16      1%          1
 Sting                    Conj/Alch      100%       1d9       1%          1
 Cigotuvi's Dreadful Rot  Necr/Alch/Air  100%       N/A       1%          2
 Passwall                 Alch/Erth      39%        N/A       1%          2
 Scorch                   Fire           100%       2d9       1%          2
 Fugue of the Fallen      Necr           54%        N/A       1%          3
 Inner Flame              Hex/Fire       47%        N/A       1%          3
 Vampiric Draining        Necr           54%        2d9       1%          3
 Brom's Barrelling Bould  Conj/Erth      56%        2d7       1%          4
 Flame Wave               Conj/Fire      68%        2d15      1%          4
 Ignite Poison            Fire/Alch      61%        N/A       1%          4
 Irradiate                Conj/Alch      31%        3d22      1%          5
 Starburst                Conj/Fire      34%        6d10      2%          6
 Petrify                  Alch/Erth      47%        N/A       9%          4
 Slow                     Hex            68%        N/A       10%         1
 Summon Small Mammal      Summ           68%        N/A       10%         1
 Manifold Assault         Tloc           42%        N/A       13%         4
 Call Imp                 Summ           34%        N/A       16%         2
 Call Canine Familiar     Summ           17%        N/A       30%         3
 Confusing Touch          Hex            17%        N/A       30%         3
 Sigil of Binding         Hex            17%        N/A       30%         3
 Summon Guardian Golem    Hex/Summ       17%        N/A       30%         3
 Tukima's Dance           Hex            17%        N/A       30%         3
 Dimensional Bullseye     Hex/Tloc       14%        N/A       34%         4
 Summon Forest            Summ/Tloc      14%        N/A       69%         5
 Summon Mana Viper        Hex/Summ       17%        N/A       95%         5
 Summon Cactus Giant      Summ           8%         N/A       100%        6
 Blink                    Tloc           Unusable   N/A       N/A         2

Dungeon Overview and Level Annotations

Branches:
Dungeon (15/15)            Temple (1/1) D:4            Lair (5/5) D:8
 Shoals (1/4) Lair:2        Snake (4/4) Lair:2        Slime (0/5) Lair:5
    Orc (2/2) D:12            Elf (2/3) Orc:2        Vaults (0/5) D:14
 Depths (2/4) D:15

Altars:
Ashenzari
Cheibriados
Dithmenos
Elyvilon
Fedhas
Gozag
Hepliaklqana
Kikubaaqudgha
Makhleb
Nemelex Xobeh
Okawaru
Qazlal
Ru
Sif Muna
Trog
Uskayaw
Vehumet
Wu Jian
Xom
Yredelemnul
Zin
The Shining One
Jiyva
Lugonu

Shops:
D:5 !   D:10 ?[   D:11 *   Orc:1 :   Orc:2 ![[:   Snake:1 *   Snake:2 *

Portals:
Hell: Depths:1 Depths:2
Abyss: Lair:5
Pandemonium: Depths:1 Depths:2
Ziggurat: Depths:1

Annotations:
D:6 2 runed translucent doors
D:14 1 runed translucent door, exclusion: downstairs, Xacosk's ghost, journeyman DsCK
Snake:1 2 transporters
Snake:2 exclusions: door and 3 downstairs
Orc:1 3 runed translucent doors, Elol's ghost, journeyman DrRe
Depths:1 1 runed translucent door, exclusion: downstairs


Innate Abilities, Weirdness & Mutations

You cannot be hasted, slowed, berserked, paralysed or teleported.
You can dig through walls and to a lower floor.
You have a pair of large antennae on your head. (SInv)
Your four strong arms can wield two-handed weapons with a shield.


Message History

Unknown command.
Unknown command.
Unknown command.
Unknown command.
Unknown command.
Unknown command.
Unknown command.
Unknown command.
You feel much better.
You feel a little less clever now. The quicksilver dragon bites you!
* * * LOW HITPOINT WARNING * * *
The quicksilver dragon claws you but does no damage.
A red draconian opens the door.
A purple draconian comes into view. It is wielding a +0 trident.
Unknown command.
Okay, then.
Okay, then.
As you read the scroll of summoning, it crumbles to dust.
Wisps of shadow whirl around you... The quicksilver dragon bites you.
* * * LOW HITPOINT WARNING * * *
The quicksilver dragon barely misses you.
You block the red draconian's attack.
You block the green draconian monk's attack.
The green draconian monk kicks you.
* * * LOW HITPOINT WARNING * * *
You block the green draconian monk's attack.
The green draconian monk barely misses you.
Unknown command.
You feel much better.
The purple draconian roars!
The quicksilver dragon bites you.
* * * LOW HITPOINT WARNING * * *
The quicksilver dragon claws you but does no damage.
The quicksilver dragon misses you.
The quicksilver dragon claws you but does no damage.
The red draconian misses you. The red draconian breathes fire at you.
The searing blast hits you!!
You die...

**,,****,,,,,,<,,,,,,
**,,,,,,,,,,,,,,,,,,
*,**,,,**,,,,,,,,,,
*****,*,**,,,*,,,,,,
**************,,,,###.#.........*
*,,,,,,,,,,,,,,,,,,.d§.......{d§{
*,,,,~~~~~~~~~~~~~~~§≈D≈....§D§~~
*,,,,~~~~~~~~~~~~~~~~≈§≈....≈≈§~~
*,,,,~~*****~~~~~~~~~~≈≈....§§§~~
*,,,,~~*.d,*,,,,,,,,,,{.....§§,,,
*,,,,~~*.d.#######*****#{+++#****
*,,,,~~**#d#....',.{.{{#§§§.#...^
*,,,,~~~,*{.○...#{##.###§§§.#.##.
*,,,,~~~,###°...*,#.{{{#§§§.#q...
*,,,,~~~,#§##d'#########{§§§#####
*,,,,~~~,#...d.....d...#§.§§#...d
*,,,,~~~,#=.dqdq.d.#8..§{§.{§...D
*,,,,~~~,#)##D'##°○#8°§q§{{{{{..d
*,,,,~~~,**#@qk.#{.{..§#8{.8#q...
*,,,,~~~,#.dqd..#################
*,,,,~~**#'#..c.'.......d.....{..
*,,,,~~*.d.######################
*,,,,~~#..{*{,,,,{.......D.§.§.§D
*,,,,~~###**~~~~~~≈≈§≈§≈≈§≈§≈§≈§§
*,,,,~~~§~~~~~~~~~§§§§≈≈≈~§≈§≈≈§§
*,,,,~~§§~~~~~~~~~≈§≈§≈§≈~≈≈§≈≈≈≈
*,,,,,,,,,,,,,,,,,,,,,,,,,,,,,,,,
*,,,,,,,,,,,,,,,,,,,,,,,,,,,,,,,,
*********************************


You could see 4 draconians, a black draconian, 3 draconians, 3 draconians, a
white draconian, a quicksilver dragon (very poisoned), a friendly wind drake
(summoned) and a friendly faun (summoned).

Vanquished Creatures
  Vashnia (Snake:2)
  Rupert (D:14)
  A sphinx (Depths:2)
  A tengu reaver (Depths:1)
  A fire giant (Depths:2)
  Donald (Orc:2)
  2 orc warlords
  3 stone giants
  2 very ugly things (Depths:1)
  A deep elf death mage (Elf:1)
  A demonspawn black sun (D:14)
  A deep elf demonologist (Elf:1)
  Azrael (D:12)
  A green death (Depths:2)
  A merfolk impaler (Shoals:1)
  6 ettins
  3 fire dragons
  Josephine (D:13)
  A blizzard demon (Depths:2)
  Fannar (D:12)
  2 ogre magi
  2 rakshasas
  A spriggan air mage (Depths:2)
  A sphinx zombie (D:15)
  3 centaur warriors
  2 anacondas (Snake:1)
  4 hydras
  A catoblepas (Lair:5)
  3 dancing weapons (Elf:1)
  10 two-headed ogres
  4 naga warriors
  6 deep troll earth magi
  4 deep troll shamans
  8 tengu warriors
  6 boulder beetles
  A vampire mage (Depths:1)
  Urug (D:12)
  6 death yaks (Lair:5)
  3 thrashing horrors (Lair:5)
  10 hell knights
  An occultist (Depths:2)
  A soul eater (Depths:2)
  4 orc high priests
  8 deep elf knights
  9 naga sharpshooters
  2 shock serpents (Snake:1)
  5 sun demons
  Amaemon (Lair:3)
  8 iron trolls
  Lodul (D:12)
  2 flayed ghosts
  2 skeletal warriors (D:15)
  10 deep trolls
  3 sea snakes
  A storm dragon skeleton (D:15)
  2 glowing orange brains
  3 naga ritualists (Snake:1)
  4 deep elf archers (Elf:1)
  4 necromancers
  4 orc knights (Orc:2)
  Pikel (D:9)
  5 large abominations
  12 deep elf zephyrmancers
  An anaconda skeleton (Snake:2)
  10 deep elf pyromancers
  5 mana vipers
  5 orc sorcerers
  5 salamanders
  5 manticores
  2 cyclopes (D:13)
  3 oklob plants
  34 ugly things
  18 black mambas
  5 gargoyles
  10 elephants
  An orange demon (Lair:3)
  2 black mambas (shapeshifter)
  5 kobold blastminers
  13 cane toads
  2 guardian serpents
  2 smoke demons (Lair:5)
  An unseen horror (D:13)
  4 naga magi
  A torpor snail (Lair:4)
  3 rime drakes
  A kobold demonologist (D:12)
  A tormentor (Depths:1)
  3 tengu conjurers
  6 komodo dragons
  Maggie (D:7)
  Psyche (D:12)
  An efreet (D:13)
  A troll (D:11)
  A polar bear (Lair:5)
  A wind drake (shapeshifter) (Lair:5)
  A hornet (D:7)
  7 dream sheep
  A spriggan zombie (D:15)
  Grinder (D:5)
  23 blink frogs
  3 raiju (Lair:5)
  A raiju (shapeshifter) (Lair:5)
  23 slime creatures
  Sigmund (D:4)
  2 shadows
  6 wraiths
  7 wyverns
  6 fire elementals
  A vampire (D:13)
  73 yaks
  2 water elementals
  8 basilisks
  2 chaos spawn (Lair:5)
  Menkaure (D:6)
  A warg (Orc:1)
  5 vampire mosquitoes
  A steam dragon (D:8)
  A redback simulacrum (D:15)
  10 water moccasins
  2 acid dragons (D:12)
  2 hell hounds (D:12)
  26 nagas
  Duvessa (D:6)
  26 orc warriors
  Pargi (D:3)
  2 ice beasts (D:3)
  4 black bears
  A sky beast (D:7)
  3 lemures
  9 centaurs
  12 ogres
  12 wolves
  4 kobold brigands
  10 bullfrogs
  9 small abominations
  A gnoll sergeant (D:9)
  3 scorpions
  Dowan (D:6)
  11 wights
  6 killer bees (D:9)
  3 electric eels
  5 howler monkeys
  5 hounds
  24 orc priests
  A sleepcap (D:7)
  Terence (D:2)
  Ijyb (D:3)
  8 iguanas
  35 orc wizards
  Natasha (thrice) (D:3)
  6 gnolls
  11 adders
  2 shadow imps
  3 white imps
  2 ufetubi (D:6)
  4 dart slugs
  84 orcs
  2 bats
  6 endoplasms
  5 giant cockroaches
  10 goblins
  10 hobgoblins
  3 jackals (D:3)
  4 quokkas
  8 ball pythons
  2 frilled lizards
  16 kobolds
  4 rats
957 creatures vanquished.

Vanquished Creatures (others)
  A water elemental (Elf:1)
  5 ball lightnings (D:14)
6 creatures vanquished.

Grand Total: 963 creatures vanquished

Notes
Turn   | Place    | Note
-------+----------+-------------------------------------------
     0 | D:5      | petzl the Formicid Delver began the quest for the Orb.
     0 | D:5      | Reached XP level 1. HP: 18/18 MP: 1/1
   168 | D:5      | Noticed an orc wizard
   181 | D:5      | Found a glowing golden altar of the Shining One.
   186 | D:5      | Noticed a hound
   187 | D:4      | Noticed a scorpion
   187 | D:4      | Noticed a hound
   243 | D:5      | Noticed an iguana
   291 | D:5      | Noticed an orc wizard
   321 | D:4      | Killed a hound
   322 | D:4      | Reached XP level 2. HP: 24/24 MP: 1/5
   322 | D:4      | Reached XP level 3. HP: 29/29 MP: 1/7
   347 | D:4      | Found a staircase to the Ecumenical Temple.
   356 | Temple   | Entered the Ecumenical Temple
   385 | Temple   | Became a worshipper of Vehumet
   425 | D:3      | Noticed an ice beast
   562 | D:2      | Reached XP level 4. HP: 13/35 MP: 8/8
   705 | D:1      | Found a transporter.
  1440 | D:2      | Noticed Terence
  1464 | D:2      | Identified the +0 pair of gloves of Good Intentions
                  | {Regen+}
  1511 | D:2      | Reached XP level 5. HP: 38/41 MP: 10/10
  1555 | D:2      | Reached skill level 1 in Ranged Weapons
  1613 | D:2      | Reached * piety under Vehumet
  1613 | D:2      | Offered knowledge of Magic Dart by Vehumet.
  2006 | D:3      | Noticed an ice beast
  2011 | D:3      | You fall into a shaft and drop 3 floors!
  2046 | D:5      | Found a hazy altar of Hepliaklqana.
  2183 | D:4      | Reached XP level 6. HP: 35/48 MP: 9/12
  2279 | D:5      | Found a hide-covered altar of Uskayaw.
  2290 | D:5      | Learned a level 4 spell: Sticky Flame
  2295 | D:5      | Learned a level 4 spell: Iskenderun's Mystic Blast
  2321 | D:5      | Reached XP level 7. HP: 55/55 MP: 13/13
  2412 | D:4      | Noticed Natasha
  2436 | D:3      | Noticed Ijyb
  2573 | D:3      | Killed Ijyb
  2702 | D:3      | Offered knowledge of Momentum Strike by Vehumet.
  2748 | D:3      | Reached ** piety under Vehumet
  2804 | D:3      | Killed Natasha
  2805 | D:3      | Reached skill level 1 in Alchemy
  2822 | D:3      | Reached skill level 1 in Armour
  2822 | D:3      | Reached skill level 1 in Conjurations
  2829 | D:3      | Noticed Pargi
  2891 | D:3      | Reached XP level 8. HP: 52/61 MP: 12/15
  3168 | D:2      | Reached skill level 1 in Fire Magic
  3187 | D:2      | Reached skill level 1 in Translocations
  3210 | D:2      | Reached skill level 1 in Evocations
  3828 | D:3      | Noticed Natasha
  3870 | D:3      | Killed Natasha
  4115 | D:3      | Noticed Natasha
  4123 | D:3      | Killed Natasha
  4164 | D:4      | Offered knowledge of Searing Ray by Vehumet.
  4232 | D:4      | Reached skill level 5 in Spellcasting
  4285 | D:4      | Identified the +1 scale mail "Zipp" {^Contam +Blink rElec
                  | rCorr}
  4529 | D:4      | Reached *** piety under Vehumet
  4599 | D:4      | Noticed Sigmund
  4658 | D:5      | Found Cebruwa's Distillery.
  4663 | D:5      | Bought a potion of invisibility for 120 gold pieces
  4663 | D:5      | Bought a potion of curing for 45 gold pieces
  4722 | D:5      | Found an opulent altar of Gozag.
  4738 | D:5      | Reached skill level 5 in Fighting
  4988 | D:5      | Learned a level 5 spell: Freezing Cloud
  5040 | D:5      | Found a shimmering altar of Xom.
  5040 | D:5      | Found a glowing silver altar of Zin.
  5040 | D:5      | Noticed an angel
  5196 | D:5      | Noticed Grinder
  5245 | D:5      | Reached XP level 9. HP: 68/68 MP: 16/16
  5432 | D:5      | Offered knowledge of Brom's Barrelling Boulder by Vehumet.
  5433 | D:5      | Reached skill level 1 in Ice Magic
  5536 | D:6      | Noticed Menkaure
  5979 | D:6      | Found a runed translucent door.
  5984 | D:6      | Found a runed translucent door.
  6352 | D:6      | Noticed Duvessa
  6356 | D:6      | Noticed Dowan
  6365 | D:6      | Killed Duvessa
  6366 | D:6      | Reached skill level 1 in Air Magic
  6367 | D:6      | You fall into a shaft and drop 2 floors!
  6839 | D:8      | Found a staircase to the Lair.
  7122 | D:9      | Identified the ring of Foyf {Ice *Slow rN++ Str-2 Int+8}
  7147 | D:10     | Entered Level 10 of the Dungeon
  7415 | D:7      | Noticed Maggie
  7563 | D:7      | You fall into a shaft and drop 2 floors!
  7806 | D:10     | Found Xafun's Antique Armour Emporium.
  7807 | D:10     | Found Pephuom's Magic Scroll Boutique.
  8032 | D:9      | Noticed a troll
  8048 | D:9      | a troll changed into a dream sheep
  8063 | D:9      | Reached XP level 10. HP: 53/74 MP: 16/18
  8170 | D:9      | Noticed Pikel
  8221 | D:9      | Found a broken altar of Ashenzari.
  8306 | D:9      | Reached **** piety under Vehumet
  8504 | D:9      | Found an ancient bone altar of Kikubaaqudgha.
  8603 | D:9      | Offered knowledge of Frozen Ramparts by Vehumet.
  8673 | D:9      | Killed Pikel
  8675 | D:9      | Reached skill level 5 in Ice Magic
  9236 | D:9      | Reached skill level 5 in Conjurations
  9511 | D:9      | Reached XP level 11. HP: 79/81 MP: 6/20
  9718 | D:7      | Reached skill level 1 in Shields
  9765 | D:7      | Reached skill level 5 in Alchemy
 10235 | D:8      | Reached ***** piety under Vehumet
 10247 | D:8      | Found a bloodstained altar of Trog.
 10445 | D:7      | Offered knowledge of Plasma Beam by Vehumet.
 10459 | D:7      | Learned a level 6 spell: Plasma Beam
 10551 | D:7      | Reached skill level 2 in Shields
 10854 | D:7      | Killed Maggie
 10959 | D:6      | Killed Dowan
 11141 | D:6      | Killed Menkaure
 11313 | D:5      | Killed Grinder
 11449 | D:3      | Killed Pargi
 11526 | D:4      | Killed Sigmund
 11703 | D:2      | Killed Terence
 11825 | Lair:1   | Entered Level 1 of the Lair of Beasts
 11921 | D:10     | Bought a pair of runed boots for 180 gold pieces
 11938 | D:10     | Bought a scroll of identify for 30 gold pieces
 11938 | D:10     | Bought a scroll of enchant weapon for 112 gold pieces
 12074 | D:10     | Found an iron altar of Okawaru.
 12182 | D:10     | Noticed a two-headed ogre
 12186 | D:10     | Killed a two-headed ogre
 12217 | D:10     | Reached skill level 3 in Shields
 12572 | D:10     | Bought a scroll of identify for 30 gold pieces
 12701 | D:11     | You fall into a shaft and drop 2 floors!
 12714 | D:13     | Noticed Josephine
 12770 | D:13     | Killed Josephine
 13061 | D:13     | Noticed a manticore
 13064 | D:13     | Killed a manticore
 13065 | D:13     | Reached XP level 12. HP: 89/89 MP: 13/23
 13186 | D:13     | Reached skill level 4 in Shields
 13389 | D:13     | Reached skill level 5 in Fire Magic
 13459 | D:13     | Noticed a tengu warrior
 13459 | D:13     | Noticed a centaur warrior
 13533 | D:12     | Noticed a boulder beetle
 13842 | D:13     | Noticed a boulder beetle
 13953 | D:14     | Noticed Xacosk's ghost (journeyman DsCK)
 13953 | D:14     | Noticed a tengu warrior
 13953 | D:14     | Found a runed translucent door.
 13965 | D:14     | Noticed a boulder beetle
 13967 | D:14     | Noticed a four-headed hydra
 13990 | D:14     | Noticed a two-headed ogre
 13990 | D:14     | Noticed a two-headed ogre
 13990 | D:14     | Found a gate to the Vaults.
 13991 | D:14     | Noticed an ogre mage
 14212 | D:12     | Noticed Fannar
 14265 | D:12     | Noticed Lodul
 14564 | D:12     | Noticed Urug
 14579 | D:12     | Killed Urug
 14580 | D:12     | Reached skill level 5 in Shields
 14599 | D:12     | Killed a boulder beetle
 14600 | D:12     | Reached skill level 5 in Translocations
 15250 | D:13     | Killed a boulder beetle
 15374 | D:12     | Killed Fannar
 15375 | D:12     | Reached skill level 6 in Shields
 15408 | D:12     | Killed Lodul
 15408 | D:12     | Offered knowledge of Yara's Violent Unravelling by Vehumet.
 15486 | D:12     | Noticed Azrael
 15493 | D:12     | Killed Azrael
 15494 | D:12     | Reached XP level 13. HP: 81/96 MP: 10/26
 15960 | D:12     | Found a glowing golden altar of the Shining One.
 16101 | D:11     | Reached skill level 7 in Shields
 16349 | D:11     | Reached skill level 10 in Spellcasting
 16863 | D:11     | Found Arialoix's General Store.
 16874 | D:11     | Bought a potion of curing for 30 gold pieces
 17553 | Lair:1   | Identified the granite talisman of the Toothy Grue {rN++
                  | Str-5 Int+4}
 17731 | Lair:1   | Reached skill level 8 in Shields
 18555 | Lair:2   | Reached XP level 14. HP: 103/103 MP: 18/29
 18775 | Lair:2   | Found a staircase to the Shoals.
 19071 | Lair:2   | Found a staircase to the Snake Pit.
 19297 | Lair:3   | Reached skill level 9 in Shields
 19299 | Lair:3   | Offered knowledge of Conjure Ball Lightning by Vehumet.
 19995 | Lair:3   | Noticed Amaemon
 20032 | Lair:3   | Reached skill level 10 in Conjurations
 20039 | Lair:3   | Learned a level 6 spell: Conjure Ball Lightning
 20295 | Lair:3   | Killed Amaemon
 21509 | Lair:5   | Entered Level 5 of the Lair of Beasts
 21526 | Lair:5   | Reached ****** piety under Vehumet
 21647 | Lair:5   | Found a viscous altar of Jiyva.
 21647 | Lair:5   | Found a staircase to the Slime Pits.
 21685 | Lair:5   | Reached XP level 15. HP: 108/108 MP: 26/31
 21715 | Lair:5   | Reached skill level 5 in Air Magic
 21834 | Lair:5   | Offered knowledge of Spellforged Servitor by Vehumet.
 22123 | Lair:5   | Reached skill level 5 in Armour
 22574 | Lair:5   | Reached skill level 5 in Dodging
 22577 | Lair:5   | Reached skill level 10 in Shields
 23773 | Lair:5   | Found a corrupted altar of Lugonu.
 23773 | Lair:5   | Found a one-way gate to the infinite horrors of the Abyss.
 24097 | Shoals:1 | Entered Level 1 of the Shoals
 24329 | Snake:1  | Entered Level 1 of the Snake Pit
 24335 | Snake:1  | Reached skill level 10 in Fire Magic
 24445 | Snake:1  | Found a transporter.
 24474 | Snake:1  | Found Huijojep's Overcharged Wands.
 24972 | Snake:1  | Reached XP level 16. HP: 113/118 MP: 20/32
 25036 | Snake:2  | Found Sonkat's Assorted Antiques.
 25737 | Snake:1  | Offered knowledge of Irradiate by Vehumet.
 26146 | Snake:1  | Found a transporter.
 26160 | Snake:1  | Reached skill level 11 in Shields
 26784 | Snake:2  | Noticed Vashnia
 27084 | Snake:2  | Killed Vashnia
 27199 | Snake:2  | Learned a level 3 spell: Stone Arrow
 27690 | Snake:3  | Reached skill level 1 in Earth Magic
 27769 | Snake:3  | Noticed a nagaraja
 27771 | Snake:4  | Entered Level 4 of the Snake Pit
 28660 | D:12     | Noticed Psyche
 28662 | D:12     | Killed Psyche
 28748 | D:12     | Found a staircase to the Orcish Mines.
 28824 | Orc:1    | Entered Level 1 of the Orcish Mines
 28976 | Orc:1    | Found Yxkuewn's Book Emporium.
 29455 | Orc:1    | Found a runed translucent gate.
 29455 | Orc:1    | Found a runed translucent gate.
 29456 | Orc:1    | Found a runed translucent gate.
 29457 | Orc:1    | Noticed Elol's ghost (journeyman DrRe)
 29569 | Orc:2    | Entered Level 2 of the Orcish Mines
 29569 | Orc:2    | Found a staircase to the Elven Halls.
 29768 | Orc:2    | Offered knowledge of Ozocubu's Refrigeration by Vehumet.
 30297 | Orc:2    | Noticed Donald
 30309 | Orc:2    | Killed Donald
 30458 | Orc:1    | Reached XP level 17. HP: 121/125 MP: 27/33
 31045 | Orc:2    | Found Zuaffel's Distillery.
 31087 | Orc:2    | Found Hoel's Armour Boutique.
 31097 | Orc:2    | Found Nopam's Book Boutique.
 31099 | Orc:2    | Found Ruilyar's Armour Emporium.
 31143 | Orc:2    | Bought the quicksilver dragon scales of Qyloup {Will+
                  | Slay+2} for 904 gold pieces
 31200 | Elf:1    | Entered Level 1 of the Elven Halls
 31609 | Elf:1    | Reached skill level 12 in Shields
 32086 | Elf:1    | Offered knowledge of Maxwell's Capacitive Coupling by
                  | Vehumet.
 32436 | Elf:1    | Reached skill level 10 in Fighting
 32594 | Elf:2    | Learned a level 2 spell: Sublimation of Blood
 32819 | Orc:2    | Bought 2 potions of magic for 256 gold pieces
 32819 | Orc:2    | Bought a potion of heal wounds for 80 gold pieces
 33246 | D:13     | Reached skill level 1 in Necromancy
 33769 | D:14     | Noticed Rupert
 33779 | D:14     | Killed Rupert
 33939 | D:15     | Entered Level 15 of the Dungeon
 34558 | D:14     | Reached XP level 18. HP: 134/136 MP: 25/34
 34813 | D:15     | Reached skill level 13 in Shields
 35223 | D:14     | Got the Vellum of The Black Sun
 35903 | D:15     | Found a staircase to the Depths.
 36377 | Snake:2  | Bought a scroll of enchant weapon for 232 gold pieces
 37006 | D:15     | Offered knowledge of Lehudib's Crystal Spear by Vehumet.
 37006 | D:15     | Offered knowledge of Fire Storm by Vehumet.
 37006 | D:15     | Offered knowledge of Ignition by Vehumet.
 37009 | D:15     | Reached skill level 5 in Necromancy
 37277 | D:15     | Learned a level 3 spell: Ozocubu's Armour
 37323 | Depths:1 | Entered Level 1 of the Depths
 37501 | Depths:1 | Reached skill level 5 in Ranged Weapons
 37806 | Depths:1 | Found a one-way gate leading to the halls of Pandemonium.
 37813 | Depths:1 | Found a one-way gateway to a ziggurat.
 37839 | Depths:1 | Found a gateway to Hell.
 37855 | Depths:1 | Found a runed translucent door.
 37855 | Depths:1 | Noticed a caustic shrike
 37856 | Depths:1 | Noticed a tentacled monstrosity
 37887 | Depths:1 | Found a flickering gateway to a bazaar.
 37896 | Bazaar   | Entered a bazaar
 37898 | Bazaar   | Found Apuif's General Store.
 37902 | Bazaar   | Found Woivar's General Store.
 37902 | Bazaar   | Found Wuleaquji's Antique Armour Boutique.
 37902 | Bazaar   | Found Peyles's Antique Armour Boutique.
 37964 | Bazaar   | Bought a warped ring mail for 270 gold pieces
 37964 | Bazaar   | Identified the +5 ring mail "Jeatid" {Will+} (You bought it
                  | in a shop in a bazaar)
 37964 | Bazaar   | Bought an ancient ring mail for 270 gold pieces
 37964 | Bazaar   | Identified the +4 ring mail of the Orb Guardian {Fly rElec
                  | Dex-3 Stlth-} (You bought it in a shop in a bazaar)
 37977 | Bazaar   | Bought a scroll of enchant weapon for 67 gold pieces
 37985 | Bazaar   | Bought a scroll of enchant weapon for 67 gold pieces
 38744 | Depths:2 | Reached XP level 19. HP: 125/144 MP: 17/36
 39347 | Depths:1 | Reached skill level 14 in Shields
 39733 | Depths:2 | Noticed a lich
 40410 | Depths:2 | Found a radiant altar of Vehumet.
 40443 | Depths:2 | Noticed a caustic shrike
 40450 | Depths:2 | You fall into a shaft and drop 2 floors!
 40450 | Depths:4 | Entered Level 4 of the Depths
 40457 | Depths:4 | Noticed a tentacled monstrosity
 40457 | Depths:4 | Noticed a golden dragon
 40457 | Depths:4 | Noticed a tentacled monstrosity
 40457 | Depths:4 | Noticed a golden dragon
 40457 | Depths:4 | Noticed a golden dragon
 40565 | Depths:4 | HP: 4/145 [red draconian/searing blast (16)]
 40569 | Depths:4 | Killed from afar by a red draconian

Illustrated notes

Levels and vault maps discovered:
D:1:      spicycebolla_arrival_risky_transporter, layout_loops_cross
D:2:      layout_rooms, serial_bayou_lagoon_b, uniq_terence
D:3:      layout_loops_cross, uniq_ijyb, uniq_pargi
D:4:      layout_cave_pools, temple_statues, kennysheep_generic_room_9,
          uniq_sigmund, uniq_natasha
D:5:      layout_basic, mainiacjoe_overflow_catwalk, grunt_temple_overflow_open,
          grunt_temple_overflow_order_and_chaos_1, serial_shops,
          nicolae_shop_hallway_plus, roderic_serpentine_path, uniq_grinder
D:6:      lemuel_insect_pit, layout_basic, uniq_menkaure, uniq_duvessa
D:7:      layout_basic, chequers_ossuary_entry_cave, uniq_maggie
D:8:      layout_cave_pods, marbit_many_paths, dpeg_oklobed_lair
D:9:      layout_basic, nicolae_ashenzari_skybound,
          mainiacjoe_overflow_boulevard, uniq_pikel
D:10:     layout_cave_pods, mainiacjoe_overflow_alcove_1,
          nicolae_wooded_promenade
D:11:     layout_basic, serial_shops, shop, kennysheep_dice
D:12:     layout_rooms, david_orc_5, tso_oasis_becter, uniq_azrael, uniq_psyche,
          uniq_fannar, uniq_lodul, uniq_urug
D:13:     layout_stronghold, uniq_josephine
D:14:     dreamdust_black_sun_cult, layout_cave_pools, david_vaults_2,
          gammafunk_ghost_grave, chequers_serial_rivers_small_a, uniq_rupert
D:15:     gammafunk_depths_entry_grave, layout_basic, nicolae_zig_zag_zippers
Temple:   nicolae_temple_godzebo
Lair:1:   layout_regular_city
Lair:2:   layout_long_grid, minmay_shoals_entry_beasts,
          minmay_snake_entry_guardpost_small
Lair:3:   layout_regular_city, chequers_serial_rivers_micro_d, uniq_amaemon
Lair:4:   layout_hall_layers, grunt_megastairs_4
Lair:5:   hellmonk_lair_end_abyssal_woods, layout_misc_corridors, slime_entry_1,
          minmay_lair_oklob_bushes
Shoals:1: layout_shoals
Snake:1:  gammafunk_its_a_trap, layout_grid_maze, serial_bayou_lagoon_a,
          grunt_ministairs_2, nicolae_shop_overcharged_wands
Snake:2:  layout_rooms, serial_shops, nicolae_shop_overgrown_old_shop,
          serial_bayou_pond_b, serial_library_regret_index_double_sided,
          nicolae_snake_dead_anacondas, uniq_vashnia
Snake:3:  layout_rooms, uniq_mara
Snake:4:  hellmonk_snake_rune_quicksilver_temple, layout_concentric_octagons,
          serial_shops, nicolae_shop_pleasant_corner_grove, minmay_shoptagon,
          serial_bayou_shore_a
Orc:1:    layout_caves, serial_shops, shop, gammafunk_ghost_necromancy
Orc:2:    st_orc_elflike, layout_diamond_mine, uniq_donald
Elf:1:    layout_loops_corners, minivault_28
Elf:2:    elven_hall_of_blades_hangedman_alternative
          [nicolae_blade_entry_sentries_behind_glass], layout_gridlike,
          enter_trove_3, lemuel_flamethrower_3
Depths:1: layout_gridlike, enter_ziggurat_e, rand_demon_pan_entry_3, hell_entry,
          serial_shops, freezing_bzr, kennysheep_treasure_room
Depths:2: nzn_winding_woodlands_large [nzn_winding_woodlands_5x5_open_star,
          nzn_winding_woodlands_5x15_split_checker,
          nzn_winding_woodlands_5x5_default,
          nzn_winding_woodlands_center_pierced_h,
          nzn_winding_woodlands_15x15_killbox,
          nzn_winding_woodlands_center_garden,
          nzn_winding_woodlands_5x5_default,
          nzn_winding_woodlands_5x15_lazy_stream,
          nzn_winding_woodlands_5x5_closed_star], layout_gridlike,
          rand_demon_pan_entry_1, hell_entry, kennysheep_cluttered_room,
          st_stairs_10, minivault_14, vehumet_crystals
Depths:4: lemuel_castle_with_subvaults [lemuel_castle_interior_carwin_2],
          layout_cave_shapes, mu_enter_wizlab_6, hellmouth_1, dk_noncrumbling_3,
          abyss_entry, amcnicky_mini_pool_small

Skill      XL: |  1  2  3  4  5  6  7  8  9 10 11 12 13 14 15 16 17 18 19 |
---------------+----------------------------------------------------------+-----
Spellcasting   | 2 3 4 5 6 7 9 11 12 13 | 13.7
Dodging        | 2 3 4 5 6 |  6.0
Ranged Weapons | 1 2 3 4 6 7 |  7.1
Fighting       | 4 5 6 7 8 9 10 11 | 11.8
Alchemy        | 1 2 3 4 6 7 8 |  8.0
Armour         | 1 2 3 4 6 7 9 |  9.0
Conjurations   | 1 2 4 5 6 9 10 11 12 13 | 13.0
Fire Magic     | 2 3 4 6 7 8 10 11 12 | 12.0
Translocations | 1 2 3 4 5 |  5.0
Evocations     | 1 2 3 |  3.0
Ice Magic      | 4 6 8 |  8.0
Maces & Flails | 3 |  3.0
Air Magic      | 2 3 4 6 8 |  8.0
Shields        | 3 6 8 9 10 11 12 13 14 | 14.3
Earth Magic    | 2 4 |  4.0
Necromancy     | 3 6 7 |  7.9
Stealth        | |  6.0

Action                     |  1- 3 |  4- 6 |  7- 9 | 10-12 | 13-15 | 16-18 | 19-21 || total
---------------------------+-------+-------+-------+-------+-------+-------+-------++-------
  Melee: Mace              |    46 |    37 |       |       |       |       |       ||    83
         Punch             |     1 |     1 |    10 |     1 |       |       |       ||    13
         Flail             |       |    50 |   159 |    11 |       |       |       ||   220
         Dagger            |       |       |   328 |    92 |       |       |       ||   420
         Hand axe          |       |       |    13 |       |       |       |       ||    13
         Spear             |       |       |     6 |       |       |       |       ||     6
         Whip              |       |       |       |     1 |       |       |       ||     1
         Long sword        |       |       |       |    32 |    14 |    31 |     8 ||    85
         Short sword       |       |       |       |       |    27 |       |       ||    27
         Demon whip        |       |       |       |       |    13 |    24 |       ||    37
   Fire: Sling             |       |   136 |   209 |       |       |       |       ||   345
         Shortbow          |       |       |    23 |     8 |       |       |       ||    31
         Orcbow            |       |       |       |   237 |   615 |   494 |       ||  1346
         Arbalest          |       |       |       |       |       |    85 |    68 ||   153
  Throw: Dart              |       |       |       |     5 |       |     2 |       ||     7
         Throwing net      |       |       |       |     1 |       |       |       ||     1
   Cast: Freezing Cloud    |       |       |     1 |   101 |   187 |   252 |    34 ||   575
         Sticky Flame      |       |       |       |    12 |    34 |    34 |     6 ||    86
         Iskenderun's Myst |       |       |       |     5 |    28 |   137 |    37 ||   207
         Stone Arrow       |       |       |       |       |       |     7 |       ||     7
         Sublimation of Bl |       |       |       |       |       |    27 |     1 ||    28
         Plasma Beam       |       |       |       |       |       |     3 |       ||     3
         Conjure Ball Ligh |       |       |       |       |       |     2 |       ||     2
Ability: Shaft Self        |       |     1 |     2 |     1 |       |       |     1 ||     5
         Dig               |       |     1 |       |     3 |       |    10 |     2 ||    16
  Evoke: Wand              |     2 |       |    13 |     6 |     4 |     8 |       ||    33
         Lightning rod     |       |       |       |       |       |     8 |       ||     8
         Condenser vane    |       |       |       |       |       |     1 |       ||     1
    Use: Potion            |     4 |       |     4 |       |     1 |     8 |    13 ||    30
         Scroll            |       |     1 |     9 |     5 |     8 |     7 |     6 ||    36
   Stab: Sleeping          |     1 |     1 |       |     2 |       |       |       ||     4
         Distracted        |       |       |       |     1 |       |       |       ||     1
 Armour: Leather armour    |    32 |    68 |   126 |   157 |   224 |    85 |       ||   692
         Ring mail         |       |    25 |   334 |       |       |   118 |       ||   477
         Quicksilver drago |       |       |       |       |       |    76 |    81 ||   157
  Dodge: Dodged            |    51 |   117 |   388 |    92 |   184 |    90 |    33 ||   955
  Block: Buckler           |       |       |       |    33 |    93 |       |       ||   126
         Kite shield       |       |       |       |       |     4 |   167 |    48 ||   219
         Reflection        |       |       |       |       |     2 |    40 |     3 ||    45

Table legend: (Time is in decaauts)
 A = Elapsed time spent in this place.
 B = Non-inter-level travel time spent in this place.
 C = Inter-level travel time spent in this place.
 D = Time resting spent in this place.
 E = Time spent auto-exploring this place.
 F = Levels seen in this place.
 G = Mean time per level.
                   A        B        C        D        E       F      G
               +--------+--------+--------+--------+--------+-----+--------+
         Total |  41523 |  37347 |   4176 |  11454 |  13666 |  34 | 1221.3 |
       Dungeon |  22851 |  20272 |   2579 |   4702 |   8667 |  15 | 1523.4 |
        Temple |     58 |      1 |     57 |      0 |      0 |   1 |   58.0 |
          Lair |   7258 |   6551 |    707 |   2074 |   2944 |   5 | 1451.6 |
        Shoals |    215 |    215 |      0 |     99 |      0 |   1 |  215.0 |
     Snake Pit |   3802 |   3319 |    483 |   1549 |    767 |   4 |  950.5 |
  Orcish Mines |   2650 |   2433 |    217 |   1111 |    604 |   2 | 1325.0 |
   Elven Halls |   1464 |   1430 |     34 |    758 |    211 |   2 |  732.0 |
        Depths |   3115 |   3018 |     97 |   1160 |    473 |   3 | 1038.3 |
        Bazaar |    107 |    107 |      0 |      0 |      0 |   1 |  107.0 |
               +--------+--------+--------+--------+--------+-----+--------+

Top non-repeatable levels by time:
    D:13: 2985 daAuts
  Lair:5: 2529 daAuts
 Snake:1: 2490 daAuts
     D:9: 2092 daAuts
Depths:1: 1908 daAuts
     D:3: 1835 daAuts
     D:8: 1821 daAuts
    D:11: 1700 daAuts
    D:15: 1636 daAuts
    D:14: 1557 daAuts
    D:12: 1533 daAuts
     D:5: 1465 daAuts
   Elf:1: 1405 daAuts
   Orc:2: 1394 daAuts
  Lair:3: 1368 daAuts
